Map: Eternal Empire LE

Players

Scarlett - Winner!

  • Race: Zerg Zerg
  • Spawn Location: 7:00

AGOElazer (Elazer)

  • Race: Zerg Zerg
  • League: Master
  • Spawn Location: 1:00

VOD

Have the link to the VOD?

Description

Time

  • Played on: Jan. 14, 2020, 12:43 p.m.
  • Length: 9:02
Show
View Real Time Build Order
Export as new Build Order

Scarlett Zerg - Winner!

Build Orders: Hatch First 

Get SALT Encoding   

  12  0:00  Drone  
  13  0:12  Overlord  
  13  0:17  Drone  
  14  0:30  Drone x2  
  16  0:47  Hatchery  
  15  0:50  Drone  
  15  0:54  Drone  
  17  0:57  Drone  
  18  1:05  Extractor  
  17  1:12  Spawning Pool  
  17  1:16  Drone  
  17  1:19  Drone  
  18  1:29  Drone  
  19  1:39  Drone  
  20  1:40  Evolution Chamber  
  19  1:49  Drone  
  20  2:00  Drone x2, Queen  
  24  2:01  Queen  
  26  2:08  Zerg Melee Weapons Level 1  
  26  2:15  Overlord  
  26  2:18  Drone  
  26  2:21  Drone  
  28  2:34  Drone x2  
  28  2:35  Drone  
  28  2:36  Queen  
  33  2:42  Metabolic Boost  
  33  2:47  Overlord  
  33  2:51  Zergling x2  
  34  2:55  Drone x2  
  36  3:08  Drone x2  
  36  3:09  Drone  
  36  3:10  Drone x4  
  43  3:16  Overlord  
  43  3:31  Hatchery  
  42  3:35  Zergling x8  
  42  3:40  Zergling x4  
  48  3:44  Lair  
  48  3:47  Extractor x2  
  48  3:48  Zergling x6  
  49  3:52  Drone x2  
  51  3:57  Drone  
  51  4:02  Overlord  
  52  4:10  Overlord  
  52  4:13  Zerg Ground Armor Level 1  
  52  4:21  Drone x8  
  60  4:28  Overlord  
  60  4:35  Drone x3  
  61  4:39  Extractor  
  53  4:45  Zergling x2  
  53  4:46  Spire, Zergling x4  
  55  4:52  Drone  
  55  4:53  Drone x3  
  55  4:56  Zergling x4  
  60  5:05  Zergling x8, Overseer  
  64  5:12  Zergling x2  
  64  5:13  Zergling x8  
  69  5:22  Zergling x16  
  69  5:27  Overlord  
  77  5:34  Overlord  
  77  5:37  Zergling x4  
  79  5:44  Zergling x4  
  79  5:45  Zergling x2, Overlord x2  
  82  6:01  Mutalisk x5  
  82  6:02  Zerg Flyer Weapons Level 1  
  92  6:05  Mutalisk  
  92  6:06  Mutalisk  
  94  6:12  Zergling x14  
  94  6:17  Zergling x2  
  94  6:18  Zergling x4  
  100  6:32  Mutalisk  
  100  6:34  Zergling x8  
  100  6:37  Zerg Melee Weapons Level 2  
  104  6:40  Mutalisk  
  104  6:41  Overlord x2  
  104  6:43  Zergling x2  
  107  6:52  Mutalisk  
  107  6:53  Overlord x2  
  107  6:55  Zergling x8  
  108  7:03  Mutalisk  
  108  7:05  Zergling x2  
  101  7:09  Zergling x2  
  101  7:10  Zergling x6  
  101  7:13  Mutalisk  
  105  7:16  Zergling x14  
  112  7:29  Hatchery  
  98  7:37  Mutalisk x2  
  102  7:50  Drone x4  
  106  7:52  Drone  
  106  7:53  Zergling x2  
  106  7:54  Zergling x16  
  116  8:01  Mutalisk x2  
  120  8:08  Zergling x8  
  124  8:14  Zergling x12  
  124  8:19  Extractor  
  129  8:22  Drone  
  129  8:24  Unknown  
  129  8:29  Mutalisk x2  
  129  8:30  Overlord  
  129  8:31  Overlord  
  129  8:33  Zergling x2  
  134  8:46  Overseer  
Show
View Real Time Build Order
Export as new Build Order

AGOElazer Zerg 

Build Orders: Hatch First, Roach Nydus 

Get SALT Encoding   

  12  0:00  Drone  
  13  0:12  Overlord  
  13  0:17  Drone  
  14  0:30  Drone x2  
  16  0:48  Hatchery  
  15  0:51  Drone  
  15  0:54  Drone  
  17  0:57  Drone  
  18  1:08  Extractor  
  17  1:13  Spawning Pool  
  17  1:16  Drone  
  17  1:20  Drone  
  18  1:28  Drone  
  19  1:39  Drone  
  20  1:49  Drone  
  21  2:00  Queen x2, Overlord, Drone  
  26  2:11  Drone  
  26  2:12  Drone  
  28  2:22  Drone x2  
  30  2:32  Drone  
  30  2:35  Hatchery  
  30  2:39  Drone  
  30  2:43  Drone x2  
  33  2:49  Evolution Chamber  
  32  2:52  Lair  
  32  2:53  Overlord  
  32  2:54  Drone  
  33  3:04  Drone x2  
  35  3:08  Roach Warren  
  35  3:10  Drone x2  
  36  3:13  Drone x2  
  36  3:18  Zerg Missile Weapons Level 1  
  38  3:20  Drone  
  38  3:24  Drone x2  
  41  3:29  Overlord  
  41  3:38  Extractor x2, Overlord  
  39  3:47  Drone x8  
  47  3:50  Glial Reconstitution  
  47  3:56  Evolution Chamber  
  47  3:58  Queen  
  47  4:01  Overseer  
  48  4:03  Overlord  
  48  4:09  Roach x2  
  52  4:14  Roach  
  54  4:17  Roach x2  
  54  4:20  Overlord  
  54  4:23  Overlord  
  58  4:27  Roach  
  60  4:34  Overlord  
  54  4:42  Drone x5  
  56  4:54  Queen x2  
  56  4:55  Drone  
  56  4:58  Overlord  
  61  5:01  Overlord  
  61  5:15  Roach x5  
  71  5:24  Overlord  
  71  5:25  Nydus Network  
  70  5:29  Queen  
  70  5:30  Roach  
  70  5:35  Queen  
  74  5:41  Roach x2  
  80  5:47  Roach x3  
  80  5:49  Roach  
  88  5:59  Overlord  
  88  6:00  Roach  
  88  6:04  Nydus Canal  
  90  6:05  Queen  
  90  6:09  Roach x2  
  96  6:13  Burrow  
  96  6:16  Roach  
  86  6:22  Roach  
  86  6:25  Roach  
  80  6:30  Nydus Canal  
  80  6:31  Roach  
  82  6:37  Roach  
  82  6:39  Spore Crawler x2  
  82  6:41  Roach  
  82  6:44  Queen  
  86  6:49  Roach  
  88  6:55  Roach  
  90  7:01  Roach  
  90  7:05  Zerg Ground Armor Level 1  
  84  7:09  Roach  
  84  7:13  Overlord  
  80  7:17  Roach x3  
  86  7:35  Roach  
  84  7:39  Overlord x2  
  84  7:52  Overlord  
  84  7:56  Overlord  
  84  7:57  Queen x2  
  84  7:58  Roach x3  
  94  8:05  Roach  
  96  8:08  Roach  
  98  8:14  Roach x4  
  98  8:18  Queen  
  98  8:19  Queen  
  106  8:23  Roach x2  
  110  8:31  Roach x18  
  110  8:32  Hatchery, Roach  
Tags
 
Add a new tag
Caveats
  • Supply blocks, unpowered buildings, or Contaminate may cause inaccurate times.
  • Supply counts are checked every 10 seconds.